 Dungeon Crawl Stone Soup version 0.25.0-3-gd7cc5688da (webtiles) character file.

Game seed: 4100102553973960560

2582 Dirian the Carver (level 9, 0/75 HPs)
             Began as a Minotaur Fighter on June 15, 2020.
             Was an Elder of Zin.
             Slain by a seven-headed hydra (1 damage)
             ... on level 8 of the Dungeon.
             The game lasted 00:10:44 (6295 turns).

Dirian the Carver (Minotaur Fighter)                Turns: 6295, Time: 00:10:44

Health: 0/75       AC: 11    Str: 24    XL:     9   Next: 32%
Magic:  0/10       EV:  6    Int:  7    God:    Zin [****..]
Gold:   333        SH: 11    Dex:  5    Spells: 8/8 levels left

rFire    . . .     SeeInvis .   D - +0 scimitar of Cevibbeijiapp {holy, rN+ Int+2 Dex-5}
rCold    + . .     Gourm    .   c - +1 kite shield
rNeg     + . .     Faith    .   n - +1 chain mail {rC+}
rPois    .         Spirit   +   (helmet restricted)
rElec    .         Reflect  .   (no cloak)
rCorr    .         Harm     .   (no gloves)
MR       .....                  (no boots)
Stlth    ..........             p - amulet of guardian spirit
HPRegen  0.22/turn              k - ring of stealth
MPRegen  0.12/turn              (no ring)

@: very slightly contaminated, lightly drained, invisible
A: retaliatory headbutt, horns 2
a: Recite, Vitalisation, Imprison, Donate Gold, Renounce Religion


You were on level 8 of the Dungeon.
You worshipped Zin.
Zin was greatly pleased with you.
You were not hungry.

You visited 1 branch of the dungeon, and saw 8 of its levels.

You collected 370 gold pieces.
You donated 37 gold pieces to Zin.

Inventory:

Hand Weapons
 a - a +1 long sword
 D - the +0 scimitar of Cevibbeijiapp (weapon) {holy, rN+ Int+2 Dex-5}
   (You found it on level 8 of the Dungeon)

   It has been blessed by the Shining One to cause great damage to the undead
   and demons.
   It affects your intelligence (+2).
   It affects your dexterity (-5).
   It protects you from negative energy.
Armour
 c - a +1 kite shield (worn)
 d - a +0 plate armour
 n - a +1 chain mail of cold resistance (worn)
Jewellery
 k - a ring of stealth (left hand)
 p - an amulet of guardian spirit (around neck)
Wands
 f - a wand of flame (31)
 g - a wand of iceblast (14)
 i - a wand of acid (18)
 v - a wand of digging (8)
 w - a wand of paralysis (3)
Scrolls
 l - 4 scrolls of enchant weapon
 m - a scroll of fog
 r - 4 scrolls of identify
 t - a scroll of teleportation
 x - 7 scrolls of remove curse
 z - 2 scrolls of enchant armour
 A - a scroll of magic mapping {unknown}
Potions
 b - 2 potions of haste {unknown}
 h - a potion of lignification {unknown}
 j - a potion of invisibility
 o - 5 potions of degeneration {unknown}
 q - 4 potions of curing
 s - 2 potions of brilliance {unknown}
 u - 2 potions of resistance {unknown}
 y - a potion of magic {unknown}
 B - a potion of berserk rage {unknown}
Comestibles
 e - 13 rations
 C - a chunk of flesh


   Skills:
 + Level 6.1(5.6) Fighting
 * Level 11.2(10.5) Long Blades
 + Level 6.7(6.1) Armour
 + Level 6.8(6.3) Shields
 * Level 3.1(2.6) Invocations


You had 8 spell levels left.
You didn't know any spells.
Your spell library contained the following spells:

 Spells                   Type           Power        Failure   Level  Hunger
 Animate Skeleton         Necr           N/A          100%        1    ##.....
 Magic Dart               Conj           #...         100%        1    ##.....
 Pain                     Necr           #...         100%        1    ##.....
 Searing Ray              Conj           #.....       100%        2    ###....
 Dazzling Flash           Conj/Hex       #.....       100%        3    ####...
 Vampiric Draining        Necr           #.........   100%        3    ####...
 Animate Dead             Necr           N/A          100%        4    #####..
 Fulminant Prism          Conj/Hex       #.........   100%        4    #####..
 Iskenderun's Mystic Bla  Conj/Tloc      #.......     100%        4    #####..
 Agony                    Necr           #.......     100%        5    ######.


Dungeon Overview and Level Annotations

Branches:
Dungeon (8/15)             Temple (0/1) D:6
   Lair: D:8-11

Altars:
Ashenzari
Dithmenos
Hepliaklqana
Kikubaaqudgha
Makhleb
Nemelex Xobeh
Okawaru
Qazlal
Sif Muna
Trog
Uskayaw
Wu Jian
Yredelemnul
Zin
The Shining One

Shops:
D:4 (


Innate Abilities, Weirdness & Mutations

You reflexively headbutt those who attack you in melee.
You have a pair of horns on your head.


Message History

The four-headed hydra grows two more!
You slash the six-headed hydra!
You headbutt the six-headed hydra, but do no damage.
The six-headed hydra is lightly wounded.
The six-headed hydra bites you!
The six-headed hydra bites you but does no damage.
You block the six-headed hydra's attack. x2
The six-headed hydra bites you. x2
You hack one of the six-headed hydra's heads off!
The five-headed hydra grows two more!
You slash the seven-headed hydra!
Your headbutt misses the seven-headed hydra.
The seven-headed hydra is lightly wounded.
You block the seven-headed hydra's attack. x3
The seven-headed hydra bites you.
* * * LOW HITPOINT WARNING * * *
The seven-headed hydra bites you!
* * * LOW HITPOINT WARNING * * *
The seven-headed hydra bites you!
* * * LOW HITPOINT WARNING * * *
The seven-headed hydra bites you.
You die...

..... ...###... .........
..... .......^. .........
..... #...... ###
#..#..... ..##. #(.....
#..## .. #..... ..# ....
##....#... ##.... .....
###.###.....#.. #.....
..### ##........# ...
#..... #.# #.........#..#
#...... ###
#...###D@##..# ....... ..
##%...##.#...## .......
#.. ##..../.)....##
...._.. ..
##...#?##....## #...... .
#..##.)###...# .......
#..#.........# .##...
....#........## .....
..#.....###.### .#......
...#....##.....##.#......


You could see a seven-headed hydra.

Vanquished Creatures
  Pikel (D:4)
  Grinder (D:6)
  A sky beast (D:8)
  An orc warrior (D:7)
  3 ogres
  2 centaurs
  2 bullfrogs (D:6)
  9 wights
  A centaur zombie (D:6)
  2 howler monkeys (D:4)
  A crimson imp (D:5)
  A bullfrog skeleton (D:6)
  2 hounds (D:8)
  4 orc priests
  An iguana (D:5)
  Terence (D:2)
  4 orc wizards
  A worker ant (D:4)
  A hound skeleton (D:2)
  10 adders
  A shadow imp (D:8)
  3 oozes
  An adder skeleton (D:8)
  2 worms
  3 dart slugs
  3 leopard geckos
  17 orcs
  4 bats
  6 goblins
  7 hobgoblins
  4 jackals (D:1)
  5 kobolds
  2 quokkas (D:3)
  A ball python (D:6)
  8 frilled lizards
  A quokka zombie (D:5)
  8 rats
125 creatures vanquished.

Vanquished Creatures (others)
  A phantom (D:4)
  An orc wizard (D:4)
2 creatures vanquished.

Grand Total: 127 creatures vanquished

Notes
Turn   | Place    | Note
-------+----------+-------------------------------------------
     0 | D:1      | Dirian the Minotaur Fighter began the quest for the Orb.
     0 | D:1      | Reached XP level 1. HP: 19/19 MP: 0/0
   160 | D:1      | Reached XP level 2. HP: 26/27 MP: 1/1
   553 | D:1      | Found a glowing golden altar of the Shining One.
   924 | D:1      | Reached skill level 3 in Long Blades
  1199 | D:2      | Reached XP level 3. HP: 28/33 MP: 2/2
  1458 | D:2      | Found a faded altar of an unknown god.
  1470 | D:2      | Became a worshipper of Zin the Law-Giver
  1470 | D:2      | Reached * piety under Zin
  1473 | D:2      | Reached skill level 4 in Long Blades
  1473 | D:2      | Reached XP level 4. HP: 40/40 MP: 3/3
  1556 | D:2      | Noticed an ogre
  1565 | D:2      | Killed an ogre
  1565 | D:2      | Reached skill level 5 in Long Blades
  1565 | D:2      | Reached XP level 5. HP: 36/46 MP: 4/4
  1663 | D:2      | Reached ** piety under Zin
  1858 | D:2      | Noticed Terence
  1886 | D:2      | Killed Terence
  2192 | D:2      | Found a stormy altar of Qazlal.
  2364 | D:3      | Found a shadowy altar of Dithmenos.
  2418 | D:3      | Reached skill level 6 in Long Blades
  2418 | D:3      | Reached XP level 6. HP: 45/53 MP: 5/5
  2960 | D:4      | Noticed a slave
  2960 | D:4      | Noticed a slave
  2961 | D:4      | Noticed a slave
  2967 | D:4      | Noticed Pikel
  2971 | D:4      | Reached skill level 7 in Long Blades
  2973 | D:4      | Noticed a slave
  2984 | D:4      | Killed Pikel
  2984 | D:4      | Reached skill level 5 in Fighting
  2984 | D:4      | Reached skill level 8 in Long Blades
  2984 | D:4      | Reached skill level 5 in Armour
  2984 | D:4      | Reached skill level 5 in Shields
  2984 | D:4      | Reached skill level 1 in Invocations
  2984 | D:4      | Reached XP level 7. HP: 51/61 MP: 6/6
  2996 | D:4      | Reached XP level 8. HP: 59/68 MP: 7/7
  3085 | D:4      | Found Vegec's Weapon Shoppe.
  3132 | D:4      | Reached *** piety under Zin
  3188 | D:4      | Reached skill level 9 in Long Blades
  3654 | D:5      | Entered Level 5 of the Dungeon
  3811 | D:5      | Paralysed by an orc for 2 turns
  4267 | D:6      | Found a staircase to the Ecumenical Temple.
  4447 | D:6      | Reached **** piety under Zin
  4525 | D:6      | Noticed Grinder
  4541 | D:6      | Paralysed by Grinder for 6 turns
  4549 | D:6      | Killed Grinder
  4549 | D:6      | Reached skill level 10 in Long Blades
  4742 | D:6      | Reached XP level 9. HP: 58/75 MP: 7/9
  5681 | D:7      | Found a shattered altar of Ashenzari.
  5684 | D:7      | Found a hide-covered altar of Uskayaw.
  5687 | D:7      | Found a shimmering blue altar of Sif Muna.
  5688 | D:7      | Found an iron altar of Okawaru.
  5688 | D:7      | Found a burning altar of Makhleb.
  5688 | D:7      | Found a sparkling altar of Nemelex Xobeh.
  5688 | D:7      | Found an ancient bone altar of Kikubaaqudgha.
  5688 | D:7      | Found an ornate altar of the Wu Jian Council.
  5689 | D:7      | Found a basalt altar of Yredelemnul.
  5691 | D:7      | Found a hazy altar of Hepliaklqana.
  5692 | D:7      | Found a stormy altar of Qazlal.
  5693 | D:7      | Found a bloodstained altar of Trog.
  5965 | D:8      | Reached skill level 11 in Long Blades
  6183 | D:8      | Found a burning altar of Makhleb.
  6274 | D:8      | Noticed a four-headed hydra
  6288 | D:8      | Got a translucent scimitar
  6289 | D:8      | Identified the +0 scimitar of Cevibbeijiapp {holy, rN+
                  | Int+2 Dex-5} (You found it on level 8 of the Dungeon)
  6295 | D:8      | HP: 1/75 [seven-headed hydra (11)]
  6295 | D:8      | Slain by a seven-headed hydra

Illustrated notes

Levels and vault maps discovered:
D:1:      roderic_crossed_star, layout_basic, tso_metal_star
D:2:      layout_basic, chequers_ecumenical_altar_simple_redux,
          nicolae_qazlal_eye_of_the_storm, uniq_terence
D:3:      minmay_wonky_spiral, layout_rooms, grunt_dithmenos_smoke
D:4:      layout_basic, first_ration, serial_shops, nicolae_shop_waterfront,
          grunt_ministairs_13, uniq_pikel
D:5:      layout_cave_pools, kennysheep_generic_room_7
D:6:      layout_cave_pools, minmay_temple_entry_stoned_glass, uniq_grinder
D:7:      layout_rooms, minitemple
D:8:      minmay_curly_fans, layout_cave_pools, basic_altar

Skill      XL: |  1  2  3  4  5  6  7  8  9 |
---------------+----------------------------+-----
Shields        | 4 5 6 |  6.8
Long Blades    | 3 4 5 6 8 10 11 | 11.2
Armour         | 4 5 6 |  6.7
Fighting       | 4 5 6 |  6.1
Invocations    | 1 2 3 |  3.1

Action                   |  1- 3 |  4- 6 |  7- 9 || total
-------------------------+-------+-------+-------++-------
Melee: Long sword        |    56 |   122 |   182 ||   360
       Headbutt          |     7 |    23 |    42 ||    72
       Scimitar          |       |       |     5 ||     5
Invok: Recite            |       |     2 |     5 ||     7
       Imprison          |       |       |     1 ||     1
  Use: Scroll            |       |     9 |     1 ||    10
       Potion            |       |     1 |     2 ||     3
 Stab: Invisible         |       |       |     1 ||     1
  Eat: Chunk             |     2 |     5 |     7 ||    14
       Ration            |       |       |     1 ||     1
Armor: Scale mail        |    21 |    38 |       ||    59
       Chain mail        |       |     1 |    46 ||    47
Dodge: Dodged            |    17 |    32 |    28 ||    77
Block: Kite shield       |    30 |    58 |   113 ||   201
       Rpst.: Long sword |     3 |     9 |     6 ||    18
